 Dungeon Crawl Stone Soup version 0.24-a0-411-g4df2b1290f (webtiles) character file.

Game seed: 7562168289603711140

175198 Peloso the Fencer (level 17, -2/161 HPs)
             Began as a Minotaur Fighter on June 5, 2019.
             Was the Champion of Okawaru.
             Slain by a wolf spider (27 damage)
             ... on level 3 of the Lair of Beasts on June 6, 2019.
             The game lasted 01:52:41 (39974 turns).

Peloso the Fencer (Minotaur Fighter)               Turns: 39974, Time: 01:52:42

Health: -2/161     AC: 21    Str: 35    XL:     17   Next: 21%
Magic:  18/18      EV: 17    Int:  4    God:    Okawaru [******]
Gold:   1490       SH: 21    Dex: 16    Spells: 16/16 levels left

rFire    + . .     SeeInvis .   a - +9 double sword (elec)
rCold    . . .     Gourm    .   c - +1 shield {AC+3}
rNeg     . . .     Faith    .   E - +0 swamp dragon scales
rPois    +         Spirit   .   q - +1 hat {Int+3}
rElec    .         Reflect  +   u - +2 cloak of Hysteria {rF+ Str+9 Int-4}
rCorr    .         Harm     .   (no gloves)
MR       +....                  U - +0 pair of boots {run}
Stlth    ++........             Q - +3 amulet of reflection
HPRegen  0.36/turn              F - ring of flight
MPRegen  0.16/turn              W - +4 ring of dexterity

@: about to teleport, very slightly contaminated, quick
A: retaliatory headbutt, horns 2
}: 1/15 runes: decaying
a: Heroism, Finesse, Renounce Religion, Evoke Flight


You were on level 3 of the Lair of Beasts.
You worshipped Okawaru.
Okawaru was exalted by your worship.
You were hungry.

You visited 6 branches of the dungeon, and saw 29 of its levels.
You also visited: Gauntlet, Ice Cave and Volcano.

You collected 3601 gold pieces.
You spent 2111 gold pieces at shops.

Inventory:

Hand Weapons
 a - a +9 double sword of electrocution (weapon)
 r - a +4 scimitar of flaming
Armour
 b - a +0 scale mail
 c - a +1 shield of protection (worn)
 k - the +8 chain mail of Understanding {Int+3}
   (You bought it in a shop on level 12 of the Dungeon)

   It affects your intelligence (+3).
 q - a +1 hat of intelligence (worn)
 u - the +2 cloak of Hysteria (worn) {rF+ Str+9 Int-4}
   (Okawaru gifted it to you on level 12 of the Dungeon)

   It affects your strength (+9).
   It affects your intelligence (-4).
   It protects you from fire.
 E - +0 swamp dragon scales (worn)
 O - a scarf of resistance
 U - a +0 pair of boots of running (worn)
Jewellery
 s - an uncursed ring of resist corrosion
 F - a ring of flight (left hand)
 Q - a +3 amulet of reflection (around neck)
 W - a +4 ring of dexterity (right hand)
Wands
 v - a wand of digging (1)
Scrolls
 g - 10 scrolls of remove curse
 i - 5 scrolls of teleportation
 m - a scroll of identify
 t - a scroll of summoning
 x - 4 scrolls of magic mapping
 C - 7 scrolls of blinking
 M - 2 scrolls of fog
Potions
 d - 4 potions of might
 h - 4 potions of resistance
 j - 7 potions of flight
 o - a potion of heal wounds
 w - 3 potions of agility
 H - 2 potions of berserk rage
 V - 5 potions of curing
Comestibles
 f - 41 rations


   Skills:
 + Level 17.3 Fighting
   Level 2.5(11.7) Short Blades
 + Level 18.3(18.4) Long Blades
 + Level 16.0 Armour
 + Level 8.1 Dodging
 + Level 3.1 Stealth
 + Level 18.2 Shields
 + Level 2.9 Invocations
 + Level 0.6 Evocations


You had 16 spell levels left.
You didn't know any spells.
Your spell library contained the following spells:

 Spells                   Type           Power        Failure   Level  Hunger
 Apportation              Tloc           #.....       56%         1    ##.....
 Confusing Touch          Hex            #.....       56%         1    ##.....
 Corona                   Hex            #......      56%         1    ##.....
 Flame Tongue             Conj/Fire      #....        56%         1    ##.....
 Sandblast                Erth           #.....       56%         1    ##.....
 Summon Butterflies       Summ           #.......     56%         1    ##.....
 Blink                    Tloc           N/A          71%         2    ###....
 Ensorcelled Hibernation  Hex/Ice        #.....       71%         2    ###....
 Passwall                 Tmut/Erth      #.......     71%         2    ###....
 Poisonous Vapours        Pois/Air       #.....       71%         2    ###....
 Shroud of Golubria       Chrm/Tloc      #.....       71%         2    ###....
 Song of Slaying          Chrm           #.......     71%         2    ###....
 Swiftness                Chrm/Air       #.......     71%         2    ###....
 Confuse                  Hex            #.......     91%         3    ####...
 Dazzling Spray           Conj/Hex       #.....       91%         3    ####...
 Gell's Gravitas          Tloc           #.........   91%         3    ####...
 Ignite Poison            Fire/Tmut/Pois #.......     91%         3    ####...
 Lesser Beckoning         Tloc           #.........   91%         3    ####...
 Static Discharge         Conj/Air       #.......     91%         3    ####...
 Stone Arrow              Conj/Erth      #.....       91%         3    ####...
 Teleport Other           Tloc           #.......     91%         3    ####...
 Tukima's Dance           Hex            #.......     91%         3    ####...
 Cause Fear               Hex            #.........   100%        4    #####..
 Leda's Liquefaction      Hex/Erth       #.........   100%        4    #####..
 Olgreb's Toxic Radiance  Pois           #.......     100%        4    #####..
 Passage of Golubria      Tloc           N/A          100%        4    #####..
 Petrify                  Tmut/Erth      #.......     100%        4    #####..
 Throw Icicle             Conj/Ice       #.......     100%        4    #####..
 Alistair's Intoxication  Tmut/Pois      #.......     100%        5    ######.
 Bolt of Magma            Conj/Fire/Erth #.........   100%        5    ######.
 Iskenderun's Battlesphe  Conj/Chrm      #.......     100%        5    ######.
 Lee's Rapid Deconstruct  Erth           #.........   100%        5    ######.
 Lightning Bolt           Conj/Air       #.........   100%        5    ######.
 Metabolic Englaciation   Hex/Ice        #.........   100%        5    ######.
 Venom Bolt               Conj/Pois      #.........   100%        5    ######.
 Bolt of Fire             Conj/Fire      #.........   100%        6    #######
 Invisibility             Hex            #.......     100%        6    #######
 Iron Shot                Conj/Erth      #.........   100%        6    #######
 Ozocubu's Refrigeration  Ice            #.........   100%        6    #######
 Dragon Form              Tmut           #.........   100%        7    #######
 Orb of Destruction       Conj           #.........   100%        7    #######
 Spellforged Servitor     Conj/Summ      #.........   100%        7    #######
 Ignition                 Fire           #.........   100%        8    #######
 Dragon's Call            Summ           #.........   100%        9    #######
 Shatter                  Erth           #.........   100%        9    #######
 Tornado                  Air            #.........   100%        9    #######


Dungeon Overview and Level Annotations

Branches:
Dungeon (15/15)            Temple (1/1) D:5            Lair (6/6) D:11
  Swamp (4/4) Lair:2       Spider (1/4) Lair:3        Slime (0/5) Lair:5
    Orc (2/2) D:9             Elf (0/3) Orc:2        Vaults (0/5) D:13
 Depths (0/5) D:15

Altars:
Ashenzari
Cheibriados
Dithmenos
Elyvilon
Fedhas
Gozag
Hepliaklqana
Kikubaaqudgha
Makhleb
Nemelex Xobeh
Okawaru
Qazlal
Ru
Sif Muna
Trog
Uskayaw
Vehumet
Wu Jian
Xom
Yredelemnul
Zin
The Shining One
Jiyva

Shops:
D:5 (   D:6 !}}   D:12 (}*[?   Orc:2 %:=*

Annotations:
D:3 1 runed translucent door, ssgaztpd's ghost, amateur TrBe


Innate Abilities, Weirdness & Mutations

You reflexively headbutt those who attack you in melee.
You have a pair of horns on your head.


Message History

You block the demonic crawler's attack. The demonic crawler hits you!
* * * LOW HITPOINT WARNING * * *
Blink to where?
Press: ? - help, Dir - move target cursor You are very lightly contaminated with residual magic.
As you read the scroll of blinking, it crumbles to dust.
You feel much better.
The orb spider weaves a glowing orb of energy.
An orb of destruction comes into view.
As you read the scroll of teleportation, it crumbles to dust.
You feel strangely unstable. The wolf spider misses you.
You riposte.
You slash the wolf spider!
You headbutt the wolf spider, but do no damage.
The wolf spider is heavily wounded.
You block the wolf spider's attack. You block the wolf spider's attack. x2
You are feeling hungry.
The wolf spider rages.
The wolf spider hits you!!
You die...

#..## ##......................
....## #......##............##
#....# ##.###..##............##
#....# #...######............#
....## ##..## #.##.........##
.#..#####...# ###P........##
.....##.....# #####.....#
.....#......# ### #.#...## #
............## #@#######.#.#### #
##....#.##...####s.##.P####.#.###
..##.#.#####.....................
.####### #.............P.......
.#.## ####^#^....##....##.....
....## #.^..#*#^.###.#..#..^...
(....# ###..○○#.#.###..P#......
....### ##.^.^○^#..^# ##.P.......
.....P###..^^s#^#..## #.......^.^


You could see a wolf spider (berserk).

Vanquished Creatures
  the Lernaean hydra (Swamp:4)
  Jorgrun (D:12)
  2 thorn hunters (Swamp:4)
  The ghost of vev the Victor of a Thousand Battles, an adept DsFi of Okawaru (Orc:1)
  A very ugly thing (D:14)
  The ghost of Niemamerr the Impaler, a journeyman CeFi of Okawaru (Orc:1)
  A minotaur (Gauntlet)
  A red draconian (Volcano)
  The ghost of zyhmos the Peltast, a journeyman MiBe of Trog (Orc:1)
  A blizzard demon (IceCv)
  19 slime creatures
  2 ogre magi
  An ice dragon (D:14)
  2 vault guards (D:13)
  3 shambling mangroves
  18 hydras
  The ghost of whodunnit the Carver, a journeyman DsGl of Okawaru (Orc:2)
  3 alligators
  2 death knights (D:15)
  7 two-headed ogres
  6 death yaks (Gauntlet)
  3 centaur warriors
  A tengu warrior (D:13)
  Urug (D:12)
  An orc high priest (Orc:2)
  Sonja (Lair:1)
  4 skeletal warriors
  2 unseen horrors (D:14)
  2 wizards
  9 swamp dragons
  A necromancer (Gauntlet)
  4 wolf spiders
  A deep elf mage (D:14)
  A wolf spider zombie (D:14)
  7 cyclopes
  7 manticores
  2 oklob plants (Lair:4)
  4 orc sorcerers (Orc:2)
  9 ugly things
  5 elephants (Lair:6)
  Psyche (D:8)
  2 moths of wrath
  2 torpor snails (Swamp:2)
  Joseph (Lair:1)
  3 black mambas
  2 ice statues (IceCv)
  3 naga magi (D:15)
  29 spiny frogs
  5 gargoyles
  2 kobold demonologists (D:11)
  4 rime drakes
  13 ice devils (IceCv)
  2 freezing wraiths
  2 yaktaurs
  An anaconda simulacrum (Lair:1)
  A tengu conjurer (D:13)
  9 komodo dragons
  2 efreet
  3 meliai (D:15)
  3 jumping spiders (Spider:1)
  9 trolls
  8 hornets
  4 polar bears
  27 tyrant leeches
  27 blink frogs
  8 hippogriffs
  10 dream sheep
  15 bog bodies
  3 wraiths (D:15)
  A centaur simulacrum (D:12)
  4 shadows
  A dire elephant simulacrum (Lair:1)
  10 redbacks
  3 vampires
  2 spriggans
  A wyvern (D:10)
  4 tarantellas
  3 hungry ghosts
  14 yaks
  A hog (shapeshifter) (D:15)
  3 fire bats (Lair:1)
  A fire elemental (Lair:1)
  26 vampire mosquitoes
  10 humans (D:13)
  3 basilisks
  3 wargs
  11 insubstantial wisps
  22 swamp worms
  2 soldier ants
  A hydra simulacrum (Lair:1)
  2 acid dragons
  9 water moccasins
  17 porcupines
  3 small abominations (Gauntlet)
  3 ice beasts
  20 orc warriors
  Duvessa (D:4)
  2 black bears
  A hornet zombie (D:14)
  8 sky beasts
  A necrophage (D:8)
  2 large abominations (Gauntlet)
  3 phantoms
  11 swamp drakes
  An eye of draining (D:9)
  15 ogres
  4 boggarts (Lair:5)
  24 centaurs
  13 wolves
  16 crocodiles
  3 big kobolds
  25 bullfrogs
  A wyvern zombie (D:11)
  Dowan (D:4)
  A wyvern skeleton (D:14)
  A water moccasin skeleton (D:7)
  16 killer bees
  4 scorpions
  7 wights
  5 electric eels
  9 crimson imps
  4 howler monkeys
  A hippogriff simulacrum (Lair:1)
  4 centaur zombies
  3 bullfrog zombies
  9 hounds
  A quasit (D:10)
  A water moccasin simulacrum (Lair:1)
  7 jellies
  A wyvern simulacrum (D:14)
  A bullfrog skeleton (D:10)
  4 centaur skeletons
  25 orc priests
  4 iguanas
  42 orc wizards
  10 worker ants
  2 bullfrog simulacra (Lair:1)
  A hound skeleton (D:11)
  A worker ant zombie (D:7)
  A gnoll (D:8)
  14 adders
  4 shadow imps
  10 white imps (IceCv)
  An ufetubus (IceCv)
  An ooze (D:1)
  An adder zombie (D:8)
  2 worms
  2 dart slugs
  6 leopard geckos
  54 orcs
  3 ball pythons
  6 bats
  5 giant cockroaches
  13 goblins
  4 hobgoblins
  7 jackals
  8 quokkas
  6 frilled lizards
  21 kobolds
  A leopard gecko zombie (D:7)
  A quokka skeleton (D:10)
  7 rats
  2 briar patches (Swamp:4)
  A bush (D:1)
  A fungus (Lair:4)
  3 plants (Lair:6)
1002 creatures vanquished.

Vanquished Creatures (others)
  A slime creature (Swamp:4)
  A wight (D:15)
  4 white imps (IceCv)
  3 ufetubi (IceCv)
  2 briar patches (Swamp:4)
  9 fungi
  20 plants
  A withered plant (Orc:1)
41 creatures vanquished.

Grand Total: 1043 creatures vanquished

Notes
Turn   | Place    | Note
-------+----------+-------------------------------------------
     0 | D:1      | Peloso the Minotaur Fighter began the quest for the Orb.
     0 | D:1      | Reached XP level 1. HP: 19/19 MP: 0/0
   125 | D:1      | Reached XP level 2. HP: 26/27 MP: 1/1
   485 | D:1      | Reached XP level 3. HP: 33/33 MP: 2/2
  1067 | D:2      | Found a stormy altar of Qazlal.
  1068 | D:2      | Noticed an earth elemental
  1077 | D:2      | Noticed a water elemental
  1080 | D:2      | Noticed an air elemental
  1080 | D:2      | Noticed a fire elemental
  1250 | D:2      | Reached XP level 4. HP: 40/40 MP: 3/3
  1565 | D:2      | Found a deep blue altar of Sif Muna.
  1856 | D:3      | Found a radiant altar of Vehumet.
  1952 | D:3      | Reached skill level 1 in Dodging
  1952 | D:3      | Reached XP level 5. HP: 34/47 MP: 4/4
  2457 | D:3      | Found a runed translucent door.
  2459 | D:3      | Noticed ssgaztpd's ghost (amateur TrBe)
  2718 | D:4      | Found a shimmering altar of Xom.
  2879 | D:4      | Reached skill level 5 in Long Blades
  2903 | D:4      | Reached XP level 6. HP: 52/53 MP: 5/5
  3076 | D:4      | Noticed Duvessa
  3076 | D:4      | Noticed Dowan
  3083 | D:4      | Killed Duvessa
  3083 | D:4      | Reached skill level 5 in Shields
  3088 | D:4      | Killed Dowan
  3088 | D:4      | Reached skill level 5 in Armour
  3213 | D:5      | Entered Level 5 of the Dungeon
  3225 | D:5      | Reached XP level 7. HP: 42/60 MP: 6/6
  3260 | D:5      | Reached skill level 5 in Fighting
  3575 | D:5      | Found Muegukh Uzxa's Antique Weapon Emporium.
  3613 | D:5      | HP: 3/61 [hound (3)]
  3960 | D:5      | Found a staircase to the Ecumenical Temple.
  3965 | Temple   | Entered the Ecumenical Temple
  4079 | D:5      | Found a glowing golden altar of the Shining One.
  4178 | D:5      | Reached XP level 8. HP: 23/69 MP: 7/7
  4824 | D:6      | Found Deabekle's Gadget Shop.
  5013 | D:6      | Found Orohann's Gadget Shop.
  5268 | D:6      | Found Jera's Distillery.
  5799 | D:5      | Bought a runed long sword for 175 gold pieces
  5950 | D:7      | You fall into a shaft and drop 1 floor!
  5953 | D:8      | Reached XP level 9. HP: 52/75 MP: 8/8
  6381 | D:8      | Got a transparent mace
  6402 | D:8      | Noticed Psyche
  6414 | D:8      | Killed Psyche
  6414 | D:8      | Reached skill level 10 in Long Blades
  7068 | D:8      | Found an ornate altar of the Wu Jian Council.
  7156 | D:8      | Identified the Papyrus of Congealing Malediction
  7470 | D:8      | Reached XP level 10. HP: 86/86 MP: 9/9
  7556 | D:7      | Found an iron altar of Okawaru.
  7564 | D:7      | Became a worshipper of Warmaster Okawaru
  7574 | D:7      | Reached skill level 1 in Stealth
  8137 | D:9      | Found a staircase to the Orcish Mines.
  8159 | D:9      | Reached * piety under Okawaru
  8519 | D:9      | Found a shimmering altar of Xom.
  8741 | D:9      | Found a stormy altar of Qazlal.
  8741 | D:9      | Found a hide-covered altar of Uskayaw.
  9083 | D:10     | Entered Level 10 of the Dungeon
  9115 | D:10     | Reached ** piety under Okawaru
 10166 | D:11     | Noticed a skeletal warrior
 10193 | D:11     | Killed a skeletal warrior
 10199 | D:11     | Noticed a skeletal warrior
 10221 | D:11     | Killed a skeletal warrior
 10221 | D:11     | Reached *** piety under Okawaru
 10221 | D:11     | Reached skill level 10 in Armour
 10221 | D:11     | Reached XP level 11. HP: 71/97 MP: 10/10
 10333 | D:11     | Noticed a skeletal warrior
 10342 | D:11     | Killed a skeletal warrior
 10483 | D:11     | Reached skill level 10 in Shields
 10733 | D:11     | Noticed a sixfirhy
 11152 | D:11     | Noticed a purple ugly thing
 11165 | D:11     | Killed a purple ugly thing
 11257 | D:11     | Found a staircase to the Lair.
 11697 | D:11     | Noticed a two-headed ogre
 11710 | D:11     | Killed a two-headed ogre
 11710 | D:11     | Reached **** piety under Okawaru
 11710 | D:11     | Reached skill level 1 in Invocations
 11930 | D:11     | Noticed a purple ugly thing
 11939 | D:11     | Killed a purple ugly thing
 12225 | Lair:1   | Entered Level 1 of the Lair of Beasts
 12293 | Lair:1   | Noticed Sonja
 12307 | Lair:1   | Killed Sonja
 13055 | Lair:1   | Found a transporter.
 13128 | Lair:1   | Noticed Joseph
 13143 | Lair:1   | Killed Joseph
 13153 | Lair:1   | Reached ***** piety under Okawaru
 13161 | Lair:1   | Noticed a six-headed hydra
 13200 | Lair:1   | Killed a six-headed hydra
 13200 | Lair:1   | Reached XP level 12. HP: 20/106 MP: 4/11
 13617 | Lair:1   | Found a transporter.
 13648 | Lair:1   | Reached skill level 10 in Fighting
 14502 | Lair:2   | Found a staircase to the Swamp.
 14628 | Lair:2   | Received a gift from Okawaru
 14631 | Lair:2   | Got a steaming troll leather armour {god gift}
 14642 | Lair:2   | Identified the +0 troll leather armour of Kaxiona {rN+
                  | Regen+ Dex+5} (Okawaru gifted it to you on level 2 of the
                  | Lair of Beasts)
 15285 | Lair:3   | Found a hole to the Spider Nest.
 15395 | Lair:3   | You fall into a shaft and drop 2 floors!
 15429 | Lair:5   | Found a gate leading to a gauntlet.
 15438 | Gauntlet | Entered a Gauntlet
 15438 | Gauntlet | Found a transporter.
 15446 | Gauntlet | Found a transporter.
 15448 | Gauntlet | Found a transporter.
 15450 | Gauntlet | Found a transporter.
 15471 | Gauntlet | Found a transporter.
 15481 | Gauntlet | Found a transporter.
 15488 | Gauntlet | Found a transporter.
 15505 | Gauntlet | Found a transporter.
 15532 | Gauntlet | Noticed a death scarab
 15536 | Gauntlet | Found a transporter.
 15569 | Gauntlet | Noticed a death scarab
 15573 | Gauntlet | Found a transporter.
 15584 | Gauntlet | Found the +9 heavy crossbow "Sniper" {velocity, Acc+∞ SInv}
 15585 | Gauntlet | Found a transporter.
 15585 | Gauntlet | Noticed an entropy weaver
 15596 | Gauntlet | Noticed a death yak
 15597 | Gauntlet | Found a transporter.
 15597 | Gauntlet | Noticed a death yak
 15598 | Gauntlet | Noticed a death yak
 15598 | Gauntlet | Noticed a death yak
 15599 | Gauntlet | Noticed a death yak
 15599 | Gauntlet | Noticed a death yak
 15615 | Gauntlet | Found a transporter.
 15617 | Gauntlet | Found a transporter.
 15617 | Gauntlet | Found a transporter.
 15637 | Gauntlet | Noticed a death scarab
 15638 | Gauntlet | Found a transporter.
 15646 | Gauntlet | Found a transporter.
 15662 | Gauntlet | Noticed a death scarab
 15674 | Gauntlet | Found the +0 Maxwell's etheric cage {RegenMP+ *Contam rElec
                  | MP+4}
 15694 | Gauntlet | Found a transporter.
 16133 | Gauntlet | Killed a death yak
 16140 | Gauntlet | Killed a death yak
 16144 | Gauntlet | Killed a death yak
 16149 | Gauntlet | Killed a death yak
 16157 | Gauntlet | Killed a death yak
 16169 | Gauntlet | Killed a death yak
 16535 | Gauntlet | Noticed a minotaur
 16553 | Gauntlet | Killed a minotaur
 16553 | Gauntlet | Reached XP level 13. HP: 116/116 MP: 13/13
 16779 | Lair:4   | Received a gift from Okawaru
 18224 | Lair:4   | Received a gift from Okawaru
 18233 | Lair:4   | Identified a +0 pair of boots of running (Okawaru gifted it
                  | to you on level 4 of the Lair of Beasts)
 19328 | Lair:5   | Found a viscous altar of Jiyva.
 19328 | Lair:5   | Found a staircase to the Slime Pits.
 20342 | Lair:1   | Identified the cursed +2 mace of Glory {freeze, rN++ Int+3}
                  | (You found it on level 8 of the Dungeon)
 20558 | Lair:6   | Entered Level 6 of the Lair of Beasts
 20994 | Lair:5   | Reached skill level 15 in Long Blades
 21176 | Lair:6   | Reached skill level 1 in Short Blades
 21284 | Lair:6   | Reached ****** piety under Okawaru
 21480 | Lair:6   | Reached XP level 14. HP: 128/129 MP: 14/14
 21521 | Lair:6   | Received a gift from Okawaru
 22136 | Lair:6   | Reached skill level 15 in Armour
 22873 | D:12     | Found Libu's Antique Armour Shoppe.
 22943 | D:12     | Found Letutsyt's General Store.
 22948 | D:12     | Bought the +8 chain mail of Understanding {Int+3} for 809
                  | gold pieces
 22948 | D:12     | Bought a potion of heal wounds for 70 gold pieces
 23006 | D:12     | Found Ziwoduar's Weapon Boutique.
 23230 | D:12     | Found Cebid's Magic Scroll Shoppe.
 23254 | D:12     | Bought a scroll of brand weapon for 220 gold pieces
 23254 | D:12     | Bought a scroll of identify for 22 gold pieces
 23291 | D:12     | Noticed Jorgrun
 23305 | D:12     | Killed Jorgrun
 23305 | D:12     | Received a gift from Okawaru
 23319 | D:12     | Got a distressingly furry cloak {god gift}
 23330 | D:12     | Identified the +2 cloak of Hysteria {rF+ Str+9 Int-4}
                  | (Okawaru gifted it to you on level 12 of the Dungeon)
 23820 | D:12     | Found Moni's Gadget Boutique.
 23861 | D:12     | Noticed Urug
 23868 | D:12     | Killed Urug
 24586 | Orc:1    | Entered Level 1 of the Orcish Mines
 24685 | Orc:2    | Entered Level 2 of the Orcish Mines
 24759 | Orc:2    | Found a staircase to the Elven Halls.
 24778 | Orc:2    | Found a dark tunnel.
 24803 | Volcano  | Entered a volcano
 24850 | Volcano  | Got a crude spear
 25487 | Orc:2    | Found Maerofot's Food Boutique.
 25488 | Orc:2    | Found Irutt's Jewellery Shop.
 25489 | Orc:2    | Found Tyrizyw's Assorted Antiques.
 25494 | Orc:2    | Found Paxeda's Book Boutique.
 25551 | Orc:2    | Bought a scroll labeled ILACLI NEOKUUWUW for 31 gold pieces
 25551 | Orc:2    | Bought a scroll labeled GOCRIXK UXEAZU for 31 gold pieces
 25551 | Orc:2    | Bought a scroll of identify for 62 gold pieces
 25814 | Orc:2    | Found a runed translucent gate.
 25815 | Orc:2    | Found a runed translucent gate.
 25815 | Orc:2    | Found an opulent altar of Gozag.
 25817 | Orc:2    | Noticed whodunnit's ghost (journeyman DsGl)
 25818 | Orc:2    | Found a runed translucent gate.
 25951 | Orc:2    | Killed whodunnit's ghost
 26297 | Orc:1    | Found a runed translucent gate.
 26297 | Orc:1    | Found a runed translucent gate.
 26297 | Orc:1    | Found a runed translucent gate.
 26298 | Orc:1    | Noticed vev's ghost (adept DsFi)
 26298 | Orc:1    | Noticed zyhmos's ghost (journeyman MiBe)
 26299 | Orc:1    | Noticed Niemamerr's ghost (journeyman CeFi)
 26340 | Orc:1    | Killed vev's ghost
 26340 | Orc:1    | Received a gift from Okawaru
 26340 | Orc:1    | Reached XP level 15. HP: 120/139 MP: 13/16
 26341 | Orc:1    | Killed zyhmos's ghost
 26341 | Orc:1    | Reached skill level 5 in Dodging
 26349 | Orc:1    | Killed Niemamerr's ghost
 26349 | Orc:1    | Received a gift from Okawaru
 26349 | Orc:1    | Reached skill level 15 in Shields
 27179 | D:13     | Reached skill level 15 in Fighting
 27193 | D:13     | Found a gate to the Vaults.
 27938 | D:14     | Received a gift from Okawaru
 28166 | D:14     | Found a sparkling altar of Nemelex Xobeh.
 28433 | D:14     | Identified the Guide on Helpful Venom
 28549 | Lair:1   | Identified the cursed +1 spear "Makuacro" {freeze, rElec
                  | Str+4} (You found it in a volcano)
 28594 | Lair:1   | Identified a scroll of acquirement
 29276 | D:15     | Entered Level 15 of the Dungeon
 29511 | D:15     | Found a sacrificial altar of Ru.
 29836 | D:15     | Received a gift from Okawaru
 29924 | D:15     | Reached XP level 16. HP: 58/151 MP: 17/17
 30699 | D:15     | Found a staircase to the Depths.
 30881 | Spider:1 | Entered Level 1 of the Spider Nest
 31331 | Swamp:1  | Entered Level 1 of the Swamp
 31742 | D:6      | Bought a wand of digging (3) for 168 gold pieces
 31782 | D:6      | Bought a potion of mutation for 80 gold pieces
 31801 | D:6      | Bought a wand of digging (4) for 208 gold pieces
 32225 | D:12     | Bought a scroll of magic mapping for 49 gold pieces
 32265 | D:12     | Bought a scroll of silence for 82 gold pieces
 32265 | D:12     | Bought a scroll of enchant weapon for 82 gold pieces
 32265 | D:12     | Bought a scroll of identify for 22 gold pieces
 32485 | D:14     | You fall into a shaft and drop 1 floor!
 33997 | Swamp:2  | Received a gift from Okawaru
 34020 | Swamp:2  | Found a frozen archway.
 34043 | IceCv    | Entered an ice cave
 36052 | Swamp:2  | Received a gift from Okawaru
 36164 | Swamp:2  | Upgraded the game from 0.24-a0-408-gcc1054c7ca to
                  | 0.24-a0-411-g4df2b1290f
 36990 | Swamp:4  | Entered Level 4 of the Swamp
 36996 | Swamp:4  | Noticed a thorn hunter
 37016 | Swamp:4  | Killed a thorn hunter
 37999 | Swamp:4  | Noticed the 27-headed Lernaean hydra
 38012 | Swamp:4  | Killed the 22-headed Lernaean hydra
 38394 | Swamp:4  | Noticed a thorn hunter
 38410 | Swamp:4  | Killed a thorn hunter
 38533 | Swamp:4  | Reached XP level 17. HP: 89/161 MP: 18/18
 38599 | Swamp:4  | Received a gift from Okawaru
 39059 | Swamp:4  | Got a slimy plate armour {god gift}
 39105 | Swamp:4  | Identified the +1 plate armour "Irang" {Str-5 Int+3}
                  | (Okawaru gifted it to you on level 4 of the Swamp)
 39214 | Swamp:4  | Got a decaying rune of Zot
 39969 | Lair:3   | HP: 1/161 [demonic crawler (8)]
 39974 | Lair:3   | Slain by a wolf spider

Levels and vault maps discovered:
D:1:      dpeg_arrival_more_subterranean_lakeside_camping, layout_loops_ring,
          minmay_misc_feat_cross, lexackson_kobold_supper
D:2:      layout_basic, lemuel_blue_sif_altar, first_ration,
          nicolae_qazlal_style_of_elements
D:3:      layout_basic, lemuel_doored_altar, gammafunk_ghost_grave,
          minmay_misc_feat_chi
D:4:      layout_basic, xom_butterflies, uniq_duvessa
D:5:      layout_loops_ring, tso_oasis_becter, temple_doors_cd, serial_shops,
          nicolae_shop_window_shopping
D:6:      layout_basic, serial_shops,
          nicolae_shop_temple_entry_statues_fountains, kennysheep_mini,
          nicolae_shop_trees
D:7:      layout_basic, okawaru_trees_2
D:8:      layout_basic, overflow_temple_1_default, minmay_splitting_lines,
          the_bakery, sigmund_army, uniq_psyche
D:9:      layout_long_grid, gammafunk_temple_overflow_elements,
          david_orc_1_choice, basic_altar
D:10:     layout_loops_corners
D:11:     layout_stronghold, lair_entry_dummy, serial_glass, glass_columns_b,
          glass_columns_b
D:12:     layout_basic, serial_shops, kennysheep_little_box, shop, shop,
          nicolae_shop_behind_doors, shop, uniq_jorgrun, uniq_urug
D:13:     layout_roguey, ximxim_vaults_locker_room, minmay_microvault
D:14:     minmay_the_grid_square_5x5_4x4
          [minmay_the_grid_square_5x5_two_walls_a,
          minmay_the_grid_square_5x5_intrusive_squares,
          minmay_the_grid_square_5x5_seven, minmay_the_grid_square_5x5_shuriken,
          minmay_the_grid_square_5x5_doubleslash,
          minmay_the_grid_square_5x5_prize_pseudospiral,
          minmay_the_grid_square_5x5_prize_snowflake,
          minmay_the_grid_square_5x5_meh,
          minmay_the_grid_square_5x5_beaten_path,
          minmay_the_grid_square_5x5_prize_waves,
          minmay_the_grid_square_5x5_prize_itemx,
          minmay_the_grid_square_5x5_half_checkered,
          minmay_the_grid_square_5x5_eight,
          minmay_the_grid_square_5x5_inverted_slash,
          minmay_the_grid_square_5x5_comb, minmay_the_grid_square_5x5_moneybag],
          layout_stronghold, lemuel_tele_altar, lemuel_flamethrower_3
D:15:     grunt_enter_depths_magical_seal, layout_basic, hex_medium,
          nicolae_ru_path_of_blood
Temple:   eino_temple_lava
Lair:1:   gammafunk_cloud_chamber, layout_gridlike, grunt_megastairs_4,
          uniq_joseph, uniq_sonja
Lair:2:   layout_regular_city, swamp_mist_pool, serial_bayou_shore_b,
          grunt_megastairs_5, lemuel_fruit_tree
Lair:3:   layout_cave_pods, spider_nest_entry_rubble,
          chequers_serial_rivers_small_a, minmay_holes, beast_lair_carwin_11
Lair:4:   layout_misc_corridors, fungi_pond_lemuel, minmay_lair_oklob_chamber,
          serial_bayou_shore_a, lemuel_fruit_fields
Lair:5:   layout_big_grid, dpeg_slime_entry_enclosed_altar,
          gauntlet_entry_generic, minivault_23, kilobyte_rumbling_trees,
          lemuel_fruit_fields
Lair:6:   minmay_lair_end_frog_pond, layout_regular_city, serial_rivers,
          chequers_serial_rivers_micro_c, chequers_serial_rivers_marsh,
          chequers_serial_rivers_marsh, chequers_serial_rivers_room_a,
          chequers_serial_rivers_room_b, chequers_serial_rivers_micro_a
Swamp:1:  layout_basic_swamp, nicolae_swamp_treefoil
Swamp:2:  layout_basic_swamp, portal_ice_cave_entry_pillars_2,
          nicolae_swamp_triple_paths, swamp_pool1, worms_lemuel
Swamp:3:  layout_falls_marsh, evilmike_swamp_ruin_house_2, swamp_pool2
Swamp:4:  grunt_swamp_rune_castle, layout_basic_swamp, infiniplex_staircase_pool
Spider:1: layout_spider_delve, minivault_29
Orc:1:    layout_caves, gammafunk_ghost_cemetery, lemuel_statue_altar
Orc:2:    st_orc_mages, layout_caves, nicolae_volcano_entry_s_turn,
          ebering_ghost_gozag

Skill      XL: |  1  2  3  4  5  6  7  8  9 10 11 12 13 14 15 16 17 |
---------------+----------------------------------------------------+-----
Shields        | 4 5 6 8 9 11 12 13 14 16 17 18 | 18.2
Fighting       | 4 5 6 7 9 11 13 14 16 17 | 17.3
Armour         | 4 5 7 9 10 11 13 14 15 16 | 16.0
Long Blades    | 3 4 5 6 7 9 10 12 13 14 15 16 17 18 | 18.3
Dodging        | 1 2 3 4 5 7 8 |  8.1
Stealth        | 1 2 3 |  3.1
Invocations    | 1 2 |  2.9
Short Blades   | 1 2 |  2.5
Evocations     | |  0.6

Action                   |  1- 3 |  4- 6 |  7- 9 | 10-12 | 13-15 | 16-18 || total
-------------------------+-------+-------+-------+-------+-------+-------++-------
Melee: Long sword        |   128 |   153 |   268 |   654 |       |       ||  1203
       Headbutt          |    25 |    19 |    75 |   154 |   377 |   214 ||   864
       Dagger            |       |       |       |    22 |    43 |       ||    65
       Demon blade       |       |       |       |    15 |   401 |       ||   416
       Double sword      |       |       |       |       |   751 |   440 ||  1191
       Scimitar          |       |       |       |       |       |   184 ||   184
Invok: Heroism           |       |       |       |    14 |    13 |     1 ||    28
Evoke: Wand              |       |       |       |    10 |     5 |     6 ||    21
  Use: Potion            |       |     1 |     1 |     1 |     2 |     5 ||    10
       Scroll            |       |       |       |    19 |    24 |     9 ||    52
  Eat: Chunk             |     1 |     7 |    15 |    15 |    38 |    13 ||    89
       Ration            |       |       |       |     4 |     3 |     4 ||    11
Armor: Scale mail        |    49 |    55 |    61 |       |       |       ||   165
       Plate armour      |       |       |    28 |   264 |   195 |       ||   487
       Chain mail        |       |       |       |       |   227 |    45 ||   272
       Swamp dragon scal |       |       |       |       |       |   163 ||   163
       Ice dragon scales |       |       |       |       |       |    12 ||    12
Dodge: Dodged            |    25 |    45 |    79 |   152 |   318 |   324 ||   943
Block: Shield            |    49 |    99 |   121 |   402 |   734 |   637 ||  2042
       Reflection        |       |       |       |       |     2 |    18 ||    20
       Rpst.: Long sword |    10 |    10 |    30 |    37 |       |       ||    87
       Demon blade       |       |       |       |       |    30 |       ||    30
       Double sword      |       |       |       |       |    51 |    45 ||    96
       Scimitar          |       |       |       |       |       |    11 ||    11

Table legend:
 A = Non-vault XP
 B = Vault XP
 C = Vault XP percentage of total XP
 D = Non-vault monster count
 E = Vault monster count
 F = Vault count percentage of total count
                 A         B        C        D         E       F
            +---------+---------+-------+---------+---------+-------
      Total |  124047 |  107665 |  46.5 |     676 |     321 |  32.2
            +---------+---------+-------+---------+---------+-------
        D:1 |      37 |      12 |  24.5 |      21 |       8 |  27.6
        D:2 |      74 |       0 |   0.0 |      21 |       0 |   0.0
        D:3 |     133 |       0 |   0.0 |      16 |       0 |   0.0
        D:4 |     237 |     216 |  47.7 |      14 |       2 |  12.5
        D:5 |     950 |       0 |   0.0 |      18 |       0 |   0.0
        D:6 |     698 |       0 |   0.0 |      15 |       0 |   0.0
        D:7 |    1418 |       0 |   0.0 |      28 |       0 |   0.0
        D:8 |    2179 |     702 |  24.4 |      34 |       3 |   8.1
        D:9 |    1120 |     526 |  32.0 |      14 |       9 |  39.1
       D:10 |    1374 |       0 |   0.0 |      28 |       0 |   0.0
       D:11 |    7932 |       0 |   0.0 |      30 |       0 |   0.0
       D:12 |    7749 |    4114 |  34.7 |      41 |       2 |   4.7
       D:13 |    7856 |    4823 |  38.0 |      35 |      13 |  27.1
       D:14 |    5974 |   14696 |  71.1 |      22 |      35 |  61.4
       D:15 |    8570 |    7013 |  45.0 |      27 |      11 |  28.9
     Lair:1 |    4713 |    2444 |  34.1 |      26 |      11 |  29.7
     Lair:2 |    3188 |     319 |   9.1 |      14 |       2 |  12.5
     Lair:3 |    5029 |     961 |  16.0 |      27 |       7 |  20.6
     Lair:4 |    4069 |    2053 |  33.5 |      19 |       3 |  13.6
     Lair:5 |    6562 |    2157 |  24.7 |      20 |      11 |  35.5
     Lair:6 |    9806 |   11483 |  53.9 |      32 |      45 |  58.4
    Swamp:1 |    9120 |    1721 |  15.9 |      36 |       6 |  14.3
    Swamp:2 |    7037 |    3726 |  34.6 |      25 |      13 |  34.2
    Swamp:3 |    4035 |       0 |   0.0 |      14 |       0 |   0.0
    Swamp:4 |   15771 |   21871 |  58.1 |      33 |      33 |  50.0
   Spider:1 |    4535 |       0 |   0.0 |      15 |       0 |   0.0
      Orc:1 |    1049 |    4351 |  80.6 |      21 |       3 |  12.5
      Orc:2 |    2832 |    6770 |  70.5 |      30 |      53 |  63.9
      IceCv |       0 |    6535 | 100.0 |       0 |      28 | 100.0
    Volcano |       0 |    2912 | 100.0 |       0 |       7 | 100.0
   Gauntlet |       0 |    8260 | 100.0 |       0 |      16 | 100.0
            +---------+---------+-------+---------+---------+-------
